 Dungeon Crawl Stone Soup version 0.25.1-2-g60ff931df9 (webtiles) character file.

Game seed: 5213845809938696416

2681 gruber the Magician (level 9, -1/71 HPs)
             Began as a Gnoll Skald on Oct 11, 2020.
             Was a Believer of Vehumet.
             Slain by a two-headed ogre
             ... wielding a +0 giant club
              (2 damage)
             ... on level 7 of the Dungeon.
             The game lasted 00:10:15 (7751 turns).

gruber the Magician (Gnoll Skald)                   Turns: 7751, Time: 00:10:16

Health: -1/71      AC:  8    Str: 13    XL:     9   Next: 64%
Magic:  19/19      EV: 15    Int: 20    God:    Vehumet [**....]
Gold:   296        SH:  0    Dex: 14    Spells: 13/21 levels left

rFire    . . .     SeeInvis .   y - +0 trident
rCold    . . .     Gourm    .   (no shield)
rNeg     + . .     Faith    .   b - +0 leather armour
rPois    .         Spirit   .   A - +2 helmet
rElec    .         Reflect  .   w - +0 cloak
rCorr    .         Harm     .   (no gloves)
MR       .....                  (no boots)
Stlth    +++.......             m - amulet of regeneration
HPRegen  0.61/turn              B - ring of stealth
MPRegen  0.16/turn              J - ring of positive energy

@: no status effects
A: distributed training, fangs 1, strong nose
a: Renounce Religion


You were on level 7 of the Dungeon.
You worshipped Vehumet.
Vehumet was pleased with you.
You were hungry.

You visited 2 branches of the dungeon, and saw 9 of its levels.
You also visited: Ossuary.

You collected 438 gold pieces.
You spent 142 gold pieces at shops.

Inventory:

Hand Weapons
 y - a +0 trident (weapon)
Missiles
 c - 5 curare-tipped darts
 f - 8 javelins
 j - 57 poisoned darts (quivered)
Armour
 b - a +0 leather armour (worn)
 w - a +0 cloak (worn)
 A - a +2 helmet (worn)
Jewellery
 m - an amulet of regeneration (around neck)
 q - an uncursed ring of flight
 B - a ring of stealth (left hand)
 I - an uncursed ring of resist corrosion
 J - a ring of positive energy (right hand)
Wands
 x - a wand of enslavement (5)
Scrolls
 g - 4 scrolls of teleportation
 l - 3 scrolls of enchant armour
 n - 8 scrolls of amnesia
 r - 4 scrolls of magic mapping
 s - a scroll of enchant weapon {unknown}
 t - a scroll of noise {unknown}
 v - 2 scrolls of fog {unknown}
 E - 2 scrolls of brand weapon {unknown}
 F - a scroll of fear {unknown}
 G - a scroll of random uselessness {unknown}
 H - 3 scrolls of remove curse
Potions
 a - 2 potions of flight
 e - 8 potions of curing
 h - a potion of ambrosia
 i - 2 potions of heal wounds
 k - 3 potions of lignification
 o - a potion of brilliance
 p - 2 potions of might
 u - 2 potions of mutation
 C - a potion of cancellation {unknown}
 D - a potion of stabbing {unknown}
 K - 2 potions of berserk rage {unknown}
 N - a potion of invisibility {unknown}
 O - a potion of resistance {unknown}
Comestibles
 d - 11 rations
 z - 4 chunks of flesh


   Skills:
 + Level 6.4 Fighting
 + Level 4.3 Short Blades
 + Level 4.3 Long Blades
 + Level 4.3 Axes
 + Level 4.3 Maces & Flails
 + Level 6.4 Polearms
 + Level 4.3 Staves
 + Level 4.3 Slings
 + Level 4.3 Bows
 + Level 4.3 Crossbows
 + Level 4.3 Throwing
 + Level 5.1 Armour
 + Level 6.4 Dodging
 + Level 4.3 Stealth
 + Level 4.3 Shields
 + Level 4.3 Unarmed Combat
 + Level 6.7 Spellcasting
 + Level 3.6 Conjurations
 + Level 3.6 Hexes
 + Level 6.6 Charms
 + Level 3.6 Summonings
 + Level 3.6 Necromancy
 + Level 3.6 Translocations
 + Level 3.6 Transmutations
 + Level 3.6 Fire Magic
 + Level 3.6 Ice Magic
 + Level 3.6 Air Magic
 + Level 3.6 Earth Magic
 + Level 3.6 Poison Magic
 + Level 4.8 Invocations
 + Level 4.3 Evocations


You had 13 spell levels left.
You knew the following spells:

 Your Spells              Type           Power        Failure   Level  Hunger
a - Infusion              Chrm           ####         1%          1    None
b - Song of Slaying       Chrm           ####....     1%          2    None
c - Shroud of Golubria    Chrm/Tloc      ####..       2%          2    None
d - Spectral Weapon       Hex/Chrm       ####....     4%          3    #......

Your spell library contained the following spells:

 Spells                   Type           Power        Failure   Level  Hunger
 Foxfire                  Conj/Fire      ###.         2%          1    None
 Ozocubu's Armour         Chrm/Ice       ####....     4%          3    #......


Dungeon Overview and Level Annotations

Branches:
Dungeon (8/15)             Temple (1/1) D:4         Ossuary (visited)
   Lair: D:8-11

Altars:
Cheibriados
Elyvilon
Fedhas
Hepliaklqana
Kikubaaqudgha
Makhleb
Nemelex Xobeh
Okawaru
Ru
Sif Muna
Trog
Vehumet
Wu Jian
The Shining One

Shops:
D:7 (?[*:

Annotations:
D:7 2 transporters, funkygono's ghost, novice DsCj


Innate Abilities, Weirdness & Mutations

Your experience applies equally to all skills.
You have very sharp teeth.
Your uncanny sense of smell can sniff out nearby items.


Message History

Level annotation: 2 transporters, funkygono's ghost, novice DsCj
There is a stone staircase leading down here.
Evoke which item? (* to show all) (? for menu, Esc to quit)
Aiming: Enslavement
Press: ? - help, Shift-Dir - straight line, f - two-headed ogre
Aim: a two-headed ogre, wielding a +0 giant club and a +0 giant spiked club (heavily wounded, chance to defeat MR: 41%)
The two-headed ogre resists with some effort.
The two-headed ogre hits you with a +0 giant club!
* * * LOW HITPOINT WARNING * * *
The two-headed ogre misses you.
Unknown command.
Evoke which item? (* to show all) (? for menu, Esc to quit)
Aiming: Enslavement
Press: ? - help, Shift-Dir - straight line, f/p - two-headed ogre
Aim: a two-headed ogre, wielding a +0 giant club and a +0 giant spiked club (heavily wounded, chance to defeat MR: 41%)
The two-headed ogre resists with some effort.
The two-headed ogre hits you with a +0 giant club!
* * * LOW HITPOINT WARNING * * *
The two-headed ogre hits you with a +0 giant spiked club.
You die...

##..........)...#..#∩#.#..#
............#####..#<..#..#
............#......###.#..#
............##.#.#........#
............##.#.###......#######
...##...###.##........_..........
...##...###.##...##.......#######
...##........∩.O...............#
#######...)...#.@#############.#
#............####### #.#
#.......##.........# #.#
#.......##.........# #.#
#.......##.........# #.#
#.......##.........#####.#
#.......##.#.###.......#.#
##########.#.# #.#####.#.# #.#.#
#.# #.#.##


You could see a two-headed ogre.

Vanquished Creatures
  A spriggan (D:7)
  An orc warrior (D:7)
  An ice beast (D:5)
  A necrophage (D:6)
  A sky beast (D:8)
  4 ogres
  3 centaurs
  A big kobold (D:8)
  An elf zombie (Ossuary)
  A bullfrog (D:6)
  2 water moccasin zombies
  A scorpion (D:5)
  A troll zombie (Ossuary)
  A crimson imp (D:6)
  2 centaur zombies (Ossuary)
  A human zombie (Ossuary)
  Crazy Yiuf (D:3)
  4 hounds
  2 orc priests
  2 jellies
  3 orc wizards
  A bullfrog skeleton (D:7)
  A gnoll shaman (D:6)
  An iguana (D:8)
  5 worker ants
  2 ogre zombies (Ossuary)
  A hound zombie (D:5)
  7 mummies (Ossuary)
  Robin (D:4)
  9 gnolls
  7 adders
  A shadow imp (D:6)
  2 oozes
  An adder skeleton (D:5)
  2 adder zombies
  2 dart slugs (D:3)
  3 leopard geckos
  23 orcs
  4 ball pythons
  8 giant cockroaches
  A gnoll zombie (Ossuary)
  18 goblins
  14 hobgoblins
  8 jackals
  16 kobolds
  A quokka (D:7)
  11 bats
  4 frilled lizards
  2 goblin zombies (Ossuary)
  3 hobgoblin zombies (Ossuary)
  A jackal zombie (D:5)
  5 kobold zombies (Ossuary)
  A leopard gecko skeleton (D:6)
  A quokka skeleton (D:5)
  5 quokka zombies
  7 rats
  7 rat zombies (Ossuary)
221 creatures vanquished.

Vanquished Creatures (others)
  2 spectral weapons
2 creatures vanquished.

Grand Total: 223 creatures vanquished

Notes
Turn   | Place    | Note
-------+----------+-------------------------------------------
     0 | D:1      | gruber the Gnoll Skald began the quest for the Orb.
     0 | D:1      | Reached XP level 1. HP: 20/20 MP: 6/6
   115 | D:1      | Reached XP level 2. HP: 26/26 MP: 3/7
   209 | D:1      | Learned a level 2 spell: Song of Slaying
   212 | D:1      | Learned a level 2 spell: Shroud of Golubria
   583 | D:1      | Reached XP level 3. HP: 30/31 MP: 1/9
   591 | D:1      | Learned a level 3 spell: Spectral Weapon
   674 | D:1      | Reached skill level 5 in Spellcasting
  1016 | D:2      | Found a burning altar of Makhleb.
  1026 | D:2      | Reached skill level 1 in Short Blades
  1026 | D:2      | Reached skill level 1 in Long Blades
  1026 | D:2      | Reached skill level 1 in Axes
  1026 | D:2      | Reached skill level 1 in Maces & Flails
  1026 | D:2      | Reached skill level 1 in Staves
  1026 | D:2      | Reached skill level 1 in Slings
  1026 | D:2      | Reached skill level 1 in Bows
  1026 | D:2      | Reached skill level 1 in Crossbows
  1026 | D:2      | Reached skill level 1 in Throwing
  1026 | D:2      | Reached skill level 1 in Stealth
  1026 | D:2      | Reached skill level 1 in Shields
  1026 | D:2      | Reached skill level 1 in Unarmed Combat
  1026 | D:2      | Reached skill level 1 in Invocations
  1026 | D:2      | Reached skill level 1 in Evocations
  1026 | D:2      | Reached XP level 4. HP: 33/38 MP: 7/11
  1200 | D:2      | Found a blossoming altar of Fedhas.
  1399 | D:2      | Reached skill level 1 in Conjurations
  1399 | D:2      | Reached skill level 1 in Hexes
  1399 | D:2      | Reached skill level 1 in Summonings
  1399 | D:2      | Reached skill level 1 in Necromancy
  1399 | D:2      | Reached skill level 1 in Translocations
  1399 | D:2      | Reached skill level 1 in Transmutations
  1399 | D:2      | Reached skill level 1 in Fire Magic
  1399 | D:2      | Reached skill level 1 in Ice Magic
  1399 | D:2      | Reached skill level 1 in Air Magic
  1399 | D:2      | Reached skill level 1 in Earth Magic
  1399 | D:2      | Reached skill level 1 in Poison Magic
  1620 | D:3      | Reached XP level 5. HP: 43/43 MP: 5/12
  1802 | D:3      | Found an ornate altar of the Wu Jian Council.
  1954 | D:3      | Found a runed translucent door.
  1955 | D:3      | Noticed Crazy Yiuf
  2247 | D:3      | Killed Crazy Yiuf
  2425 | D:4      | Found a bloodstained altar of Trog.
  2445 | D:4      | Reached XP level 6. HP: 44/50 MP: 0/13
  2790 | D:4      | Noticed Robin
  2812 | D:4      | Killed Robin
  3131 | D:4      | Found a staircase to the Ecumenical Temple.
  3154 | D:4      | Reached skill level 5 in Fighting
  3154 | D:4      | Reached skill level 5 in Polearms
  3154 | D:4      | Reached skill level 5 in Dodging
  3445 | D:4      | Found a glowing golden altar of the Shining One.
  3518 | D:5      | Entered Level 5 of the Dungeon
  3539 | D:5      | Reached XP level 7. HP: 38/56 MP: 10/15
  4506 | D:6      | Reached XP level 8. HP: 58/63 MP: 11/16
  5077 | D:7      | Found Zehargh's Assorted Antiques.
  5125 | Temple   | Entered the Ecumenical Temple
  5172 | Temple   | Became a worshipper of Vehumet
  5290 | D:7      | Found an ornate altar of the Wu Jian Council.
  5293 | D:7      | Found Fipeow's Book Emporium.
  5318 | D:7      | Found Ymnucae's Armour Emporium.
  5331 | D:7      | Noticed a spriggan baker
  5337 | D:7      | Killed a spriggan baker
  5337 | D:7      | Reached XP level 9. HP: 56/69 MP: 14/18
  5381 | D:7      | Found Weerodgh's Magic Scroll Boutique.
  5385 | D:7      | Bought a scroll of identify for 30 gold pieces
  5385 | D:7      | Bought a scroll of enchant armour for 112 gold pieces
  5429 | D:7      | Found Jiydeif's Weapon Shop.
  5433 | D:7      | Found a hazy altar of Hepliaklqana.
  5523 | D:7      | Found a shimmering blue altar of Sif Muna.
  5766 | D:7      | Found a transporter.
  5767 | D:7      | Noticed funkygono's ghost (novice DsCj)
  5771 | D:7      | Noticed a moth of wrath
  5786 | D:7      | Found a transporter.
  5845 | D:7      | Found a sparkling altar of Nemelex Xobeh.
  5845 | D:7      | Found a sacrificial altar of Ru.
  6096 | D:8      | Found an iron altar of Okawaru.
  6457 | D:8      | Found a sand-covered staircase.
  6526 | Ossuary  | Entered an ossuary
  6749 | Ossuary  | Reached * piety under Vehumet
  6749 | Ossuary  | Offered knowledge of Magic Dart by Vehumet.
  6777 | Ossuary  | Reached skill level 5 in Armour
  7203 | Ossuary  | Reached ** piety under Vehumet
  7203 | Ossuary  | Offered knowledge of Foxfire by Vehumet.
  7404 | D:8      | Identified the +1 robe "Mizoq" {rN+}
  7706 | D:8      | Noticed a two-headed ogre
  7706 | D:8      | Noticed a cyan ugly thing
  7751 | D:7      | HP: 1/71 [two-headed ogre/+0 giant club (9)]
  7751 | D:7      | Slain by a two-headed ogre

Illustrated notes

Levels and vault maps discovered:
D:1:      minmay_arrival_nine_rooms, layout_loops_ring
D:2:      layout_rooms, overflow_temple_1_default, makhleb_heckhound_becter
D:3:      layout_basic, nicolae_overflow_hidden_temple, uniq_crazy_yiuf_cottage
D:4:      kennysheep_goblin_castle, layout_basic, tso_oasis_becter,
          lemuel_doored_altar, minmay_temple_entry_arrows, first_ration
D:5:      layout_loops_ring
D:6:      layout_rooms
D:7:      layout_basic, kennysheep_mini_moat, kennysheep_mini,
          gammafunk_temple_overflow_elements, basic_altar,
          gammafunk_ghost_berserking_beasts, serial_shops, shop, shop, shop,
          shop, nicolae_shop_temple_entry_statues_fountains, the_bakery
D:8:      layout_basic, lemuel_round_altar, lemuel_round_altar,
          lemuel_coloured_pillars_altar, nicolae_ossuary_entry_ruins,
          st_stairs_14
Temple:   dpeg_chambers_temple

Skill      XL: |  1  2  3  4  5  6  7  8  9 |
---------------+----------------------------+-----
Spellcasting   | 5 6 |  6.7
Short Blades   | 1 2 3 4 |  4.3
Long Blades    | 1 2 3 4 |  4.3
Axes           | 1 2 3 4 |  4.3
Maces & Flails | 1 2 3 4 |  4.3
Staves         | 1 2 3 4 |  4.3
Slings         | 1 2 3 4 |  4.3
Bows           | 1 2 3 4 |  4.3
Crossbows      | 1 2 3 4 |  4.3
Throwing       | 1 2 3 4 |  4.3
Stealth        | 1 2 3 4 |  4.3
Shields        | 1 2 3 4 |  4.3
Unarmed Combat | 1 2 3 4 |  4.3
Invocations    | 1 2 3 4 |  4.8
Evocations     | 1 2 3 4 |  4.3
Conjurations   | 1 2 3 |  3.6
Hexes          | 1 2 3 |  3.6
Summonings     | 1 2 3 |  3.6
Necromancy     | 1 2 3 |  3.6
Translocations | 1 2 3 |  3.6
Transmutations | 1 2 3 |  3.6
Fire Magic     | 1 2 3 |  3.6
Ice Magic      | 1 2 3 |  3.6
Air Magic      | 1 2 3 |  3.6
Earth Magic    | 1 2 3 |  3.6
Poison Magic   | 1 2 3 |  3.6
Armour         | 3 4 5 |  5.1
Fighting       | 5 6 |  6.4
Polearms       | 5 6 |  6.4
Dodging        | 5 6 |  6.4
Charms         | 6 |  6.6

Action                   |  1- 3 |  4- 6 |  7- 9 || total
-------------------------+-------+-------+-------++-------
Melee: Spear             |    87 |   145 |       ||   232
       Bite              |     3 |     7 |    31 ||    41
       Punch             |       |     3 |     9 ||    12
       Trident           |       |    24 |   371 ||   395
Throw: Dart              |       |     6 |       ||     6
 Cast: Infusion          |     4 |     9 |     3 ||    16
       Spectral Weapon   |     1 |    18 |    48 ||    67
       Song of Slaying   |       |     3 |     8 ||    11
       Shroud of Golubri |       |     1 |     1 ||     2
Evoke: Wand              |       |       |     2 ||     2
  Use: Scroll            |       |       |    12 ||    12
 Stab: Sleeping          |     1 |       |    13 ||    14
       Distracted        |       |     3 |       ||     3
  Eat: Chunk             |       |    10 |    11 ||    21
       Ration            |       |       |     1 ||     1
Armor: Leather armour    |    14 |    23 |    64 ||   101
Dodge: Dodged            |    39 |    88 |   219 ||   346
